 Dungeon Crawl Stone Soup version 0.17.0-15-g6d90897 (webtiles) character file.

164 oplop the Sneak (level 5, 0/24 HPs)
             Began as a Spriggan Enchanter on Nov 10, 2015.
             Killed by divine providence
             ... invoked by an orc priest
              (17 damage)
             ... on level 3 of the Dungeon.
             The game lasted 00:05:41 (3149 turns).

oplop the Sneak (Spriggan Enchanter)                Turns: 3149, Time: 00:05:44

Health: 0/24       AC:  3    Str:  4    XL:     5   Next: 21%
Magic:  1/12       EV: 20    Int: 17    God:
Gold:   71         SH:  0    Dex: 17    Spells: 2 memorised, 9 levels left

rFire  . . .     SeeInvis +     a - +1 dagger
rCold  . . .     Clarity  .     b - +1 robe
rNeg   . . .     SustAt   .     (shield restricted)
rPois  .         Gourm    .     (helmet restricted)
rElec  .         Spirit   .     (no cloak)
rCorr  .         Warding  .     (gloves unavailable)
rMut   .         Stasis   .     (boots unavailable)
MR     .....                    (no amulet)
Stlth  ++++......               (no ring)
                                (no ring)

@: very slightly contaminated, very quick, not resistant to hostile
enchantments, stealthy
A: unfitting armour, see invisible, herbivore 3, speed 3, slow metabolism 2
a: no special abilities


You were on level 3 of the Dungeon.
You were full.

You visited 1 branch of the dungeon, and saw 3 of its levels.

You collected 71 gold pieces.

Inventory:

Hand Weapons
 a - a +1 dagger (weapon)
Armour
 b - a +1 robe (worn)
Jewellery
 e - an uncursed ring of poison resistance {unknown}
Scrolls
 f - a scroll of amnesia {unknown}
 g - 2 scrolls of fear {unknown}
 h - a scroll of teleportation {unknown}
 l - 2 scrolls of blinking {unknown}
 m - a scroll of noise {unknown}
 n - a scroll of identify {unknown}
Potions
 d - a potion of degeneration {unknown}
 i - a potion of brilliance {unknown}
 j - 4 potions of lignification {unknown}
 k - a potion of invisibility {unknown}
 o - a potion of heal wounds {unknown}
 p - a potion of magic {unknown}
Books
 c - a book of Maledictions

   Spells                             Type                      Level
   a - Corona                         Hexes                        1
   b - Ensorcelled Hibernation        Hexes/Ice                    2
   c - Confuse                        Hexes                        3
   d - Tukima's Dance                 Hexes                        3
   e - Dazzling Spray                 Conjuration/Hexes            3
 q - a book of Clouds

   Spells                             Type                      Level
   a - Mephitic Cloud                 Conjuration/Poison/Air       3
   b - Conjure Flame                  Conjuration/Fire             3
   c - Poisonous Cloud                Conjuration/Poison/Air       6
   d - Freezing Cloud                 Conjuration/Ice/Air          6
   e - Ring of Flames                 Charms/Fire                  7


   Skills:
 - Level 1.1 Short Blades
 + Level 5.0 Dodging
 + Level 6.0 Stealth
 + Level 4.1 Spellcasting
 + Level 4.4 Hexes


You had 9 spell levels left.
You knew the following spells:

 Your Spells              Type           Power        Failure   Level  Hunger
a - Corona                Hex            ###....      2%          1    None
b - Ensorcelled Hibernat  Hex/Ice        ##....       12%         2    ##.....


Dungeon Overview and Level Annotations

Branches:
Dungeon (3/15)

Altars:
Dithmenos
Makhleb
Sif Muna


Innate Abilities, Weirdness & Mutations

You are tiny and cannot use many weapons and most armour.
You have supernaturally acute eyesight.
You are a herbivore.
You cover ground extremely quickly.
You need consume almost no food.


Message History

Confirm with . or Enter, or press ? or * to list all spells.
Aiming: Ensorcelled Hibernation
Press: ? - help, Shift-Dir - straight line, f/p - orc priest
Aim: an orc priest (chance to defeat MR: 42%)
You miscast Ensorcelled Hibernation.
The light around you dims momentarily. The orc priest hits you.
Casting: Ensorcelled Hibernation
Confirm with . or Enter, or press ? or * to list all spells.
Aiming: Ensorcelled Hibernation
Press: ? - help, Shift-Dir - straight line, f/p - orc priest
Aim: an orc priest (chance to defeat MR: 42%)
The orc priest resists with some effort.
The orc misses you. The orc priest closely misses you.
You hit the orc priest.
The orc priest is moderately wounded.
The orc completely misses you.
The orc priest mumbles some strange prayers to Beogh against you.
Something smites you!
Ouch! That really hurt!
You die...

...##
#....###......##.#
..## .....#
##.........# ..#
.....###..#.......#
.## ...
#.†..#....##... .#
#.##.....## ### .#
... ###.#.####.
.#### ##...#
####.#...... .......
#....####..<.......#
.......
...>.oo@..###.......
....#.. ......o####
....... ....# #
....... #.....#
....# ......# ######
.#### #....# ##
##..# #.. ##


You could see an orc priest and 2 orcs.

Vanquished Creatures
  An orc wizard (D:3)
  6 adders
  A worm (D:2)
  2 giant geckos
  5 orcs (D:3)
  5 giant cockroaches
  5 goblins
  7 hobgoblins
  2 ball pythons (D:2)
  5 bats
  3 giant newts (D:1)
  16 jackals
  9 kobolds
  5 rats
72 creatures vanquished.

Notes
Turn   | Place    | Note
--------------------------------------------------------------
     0 | D:1      | oplop the Spriggan Enchanter began the quest for the Orb.
     0 | D:1      | Reached XP level 1. HP: 9/9 MP: 5/5
   303 | D:1      | Reached XP level 2. HP: 2/13 MP: 4/6
   664 | D:1      | Learned a level 2 spell: Ensorcelled Hibernation
  1002 | D:1      | Reached XP level 3. HP: 16/16 MP: 8/8
  1220 | D:2      | Reached skill level 5 in Stealth
  1669 | D:2      | Reached XP level 4. HP: 19/21 MP: 8/10
  2023 | D:2      | Found a deep blue altar of Sif Muna.
  2027 | D:2      | Found a burning altar of Makhleb.
  2427 | D:3      | Reached XP level 5. HP: 9/24 MP: 4/11
  2726 | D:3      | Reached skill level 5 in Dodging
  2777 | D:3      | Found a shadowy altar of Dithmenos.
  3145 | D:3      | Reached skill level 6 in Stealth
  3149 | D:3      | Killed from afar by an orc priest

Action                   |  1- 3 |  4- 6 || total
-------------------------+-------+-------++-------
Melee: Dagger            |   145 |   104 ||   249
 Cast: Corona            |     7 |       ||     7
       Ensorcelled Hiber |     6 |    13 ||    19
  Use: Scroll            |     2 |       ||     2
 Stab: Sleeping          |    11 |    15 ||    26
       Distracted        |     1 |       ||     1
  Eat: Bread ration      |       |     1 ||     1
